 Dungeon Crawl Stone Soup version 0.19.0-16-g73b5abf (webtiles) character file.

91 Guinours the Charmwright (level 4, 0/30 HPs)
             Began as a High Elf Skald on Nov 10, 2016.
             Slain by a rat (3 damage)
             ... on level 2 of the Dungeon.
             The game lasted 00:13:37 (1902 turns).

Guinours the Charmwright (High Elf Skald)           Turns: 1902, Time: 00:13:41

Health: 0/30       AC:  3    Str: 14    XL:     4   Next: 34%
Magic:  2/9        EV: 11    Int: 16    God:
Gold:   38         SH:  0    Dex: 14    Spells: 2 memorised, 6 levels left

rFire  . . .     SeeInvis .     a - +0 falchion
rCold  + . .     Gourm    .     b - +0 leather armour
rNeg   . . .     Faith    .     (no shield)
rPois  .         Spirit   .     (no helmet)
rElec  .         Reflect  .     (no cloak)
rCorr  .         Harm     .     (no gloves)
MR     .....                    (no boots)
Stlth  +.........               (no amulet)
                                (no ring)
                                (no ring)

@: no status effects
A: cold resistance 1, strong 1, wild magic 1
a: no special abilities


You were on level 2 of the Dungeon.
You were hungry.

You visited 1 branch of the dungeon, and saw 2 of its levels.

You collected 38 gold pieces.

Inventory:

Hand Weapons
 a - a +0 falchion (weapon)
Armour
 b - a +0 leather armour (worn)
 n - a +0 ring mail
Scrolls
 e - 5 scrolls of identify
 j - a scroll of remove curse
 o - a scroll of teleportation {unknown}
 p - a scroll of random uselessness {unknown}
Potions
 g - 3 potions of might
 h - 2 potions of degeneration
 i - a potion of curing
 q - a potion of lignification {unknown}
Books
 c - a book of Battle

   Spells                             Type                      Level
   a - Infusion                       Charms                       1
   b - Shroud of Golubria             Charms/Translocation         2
   c - Song of Slaying                Charms                       2
   d - Spectral Weapon                Hexes/Charms                 3
   e - Regeneration                   Charms/Necromancy            3
Comestibles
 d - a bread ration
 f - a royal jelly
 l - 2 meat rations
 m - a fruit


   Skills:
 + Level 2.7 Fighting
 + Level 3.0 Long Blades
 + Level 1.4 Armour
 + Level 1.3 Dodging
 + Level 0.2 Stealth
 + Level 3.1 Spellcasting
 + Level 4.5 Charms


You had 6 spell levels left.
You knew the following spells:

 Your Spells              Type           Power        Failure   Level  Hunger
a - Infusion              Chrm           ###.         8%          1    None
b - Song of Slaying       Chrm           ###.....     12%         2    ##.....


Dungeon Overview and Level Annotations

Branches:
Dungeon (2/15)

Altars:


Innate Abilities, Weirdness & Mutations

Your flesh is cold resistant. (rC+)
Your muscles are strong. (Str +2)
Your spells are a little harder to cast, but a little more powerful.


Message History

You kill the rat!
You are feeling hungry.
You closely miss the rat. The rat bites you but does no damage.
The rat bites you but does no damage. x2
Things that are here:
a rat corpse x2
You hit the rat.
The rat is moderately wounded.
The rat barely misses you.
You riposte.
You closely miss the rat. The rat bites you.
* * * LOW HITPOINT WARNING * * *
The rat barely misses you.
You barely miss the rat.
The rat is moderately wounded.
The rat bites you but does no damage.
The rat twitches its whiskers.
The rat bites you but does no damage. The rat barely misses you.
The rat twitches its whiskers.
The rat bites you.
You die...

##.............##
# ##...........##
.####....########
#...##...#
##.r..#...#
#.....#...# #....
#...# #rr###.###
#@#†..# #r†$###
#####


You could see 4 rats.

Vanquished Creatures
  2 adders (D:2)
  2 oozes (D:1)
  4 dart slugs
  2 leopard geckos (D:2)
  5 bats
  3 giant cockroaches
  A goblin (D:1)
  6 hobgoblins
  5 jackals
  4 quokkas (D:2)
  3 frilled lizards
  A kobold (D:2)
  18 rats
56 creatures vanquished.

Notes
Turn   | Place    | Note
-------+----------+-------------------------------------------
     0 | D:1      | Guinours the High Elf Skald began the quest for the Orb.
     0 | D:1      | Reached XP level 1. HP: 14/14 MP: 4/4
   108 | D:1      | Reached XP level 2. HP: 19/19 MP: 0/6
   113 | D:1      | Reached skill level 4 in Charms
   226 | D:1      | Learned a level 2 spell: Song of Slaying
   544 | D:1      | Reached XP level 3. HP: 15/25 MP: 4/8
   826 | D:2      | Reached skill level 1 in Armour
  1075 | D:2      | Gained mutation: Your muscles are strong. (Str +2) [potion of mutation]
  1075 | D:2      | Gained mutation: Your flesh is cold resistant. (rC+) [potion of mutation]
  1075 | D:2      | Gained mutation: Your spells are a little harder to cast, but a little more powerful. [potion of mutation]
  1441 | D:2      | Reached XP level 4. HP: 24/30 MP: 2/9
  1902 | D:2      | Slain by a rat

Skill      XL: |  1  2  3  4 |
---------------+-------------+-----
Charms         | 4 |  4.5
Armour         | 1 |  1.4
Spellcasting   | 3 |  3.1
Long Blades    | 3 |  3.0
Fighting       | |  2.7
Dodging        | |  1.3
Stealth        | |  0.2

Action                   |  1- 3 |  4- 6 || total
-------------------------+-------+-------++-------
Melee: Falchion          |   102 |    58 ||   160
 Cast: Infusion          |     8 |     3 ||    11
       Song of Slaying   |    11 |     3 ||    14
  Use: Scroll            |     2 |     1 ||     3
       Potion            |     2 |       ||     2
  Eat: Chunk             |     2 |     1 ||     3
       Fruit             |       |     1 ||     1
Armor: Leather armour    |    22 |    16 ||    38
Dodge: Dodged            |    74 |    35 ||   109
       Rpst.: Falchion   |    16 |    13 ||    29
